 Dungeon Crawl Stone Soup version 0.26.1-11-gd32895ea62 (webtiles) character file.

Game seed: 371860096750806959

88 Descartes the Chucker (level 4, 0/38 HPs)
             Began as a Minotaur Hunter on June 24, 2021.
             Succumbed to an adder's poison
             ... on level 4 of the Dungeon.
             The game lasted 00:03:20 (2827 turns).

Descartes the Chucker (Minotaur Hunter)             Turns: 2827, Time: 00:03:21

Health: 0/38       AC:  4    Str: 17    XL:     4   Next: 30%
Magic:  3/3        EV: 12    Int:  9    God:
Gold:   187        SH:  0    Dex: 10    Spells: 3/3 levels left

rFire    . . .     SeeInvis .     - Unarmed
rCold    . . .     Faith    .   (no shield)
rNeg     . . .     Spirit   .   b - +0 leather armour
rPois    .         Reflect  .   (helmet restricted)
rElec    .         Harm     .   l - +0 cloak
rCorr    .         Rampage  .   (no gloves)
Will     .....                  (no boots)
Stlth    +.........             (no amulet)
HPRegen  0.12/turn              (no ring)
MPRegen  0.08/turn              (no ring)

@: confused, lethally poisoned (0 -> -2)
A: retaliatory headbutt, horns 2
a: no special abilities


You were on level 4 of the Dungeon.
You visited 1 branch of the dungeon, and saw 4 of its levels.

You collected 187 gold pieces.

Inventory:

Missiles
 a - 71 stones
 c - 6 javelins (quivered)
 d - 2 throwing nets
 m - 66 arrows
Armour
 b - a +0 leather armour (worn)
 l - a +0 cloak (worn)
Jewellery
 x - a cursed amulet of inaccuracy {unknown}
Scrolls
 g - 3 scrolls of teleportation {unknown}
 h - a scroll of fog {unknown}
 i - 4 scrolls of identify {unknown}
 n - a scroll of enchant armour {unknown}
 p - a scroll of random uselessness {unknown}
 r - a scroll of magic mapping {unknown}
 s - 3 scrolls of remove curse {unknown}
 t - a scroll of blinking {unknown}
 u - a scroll of immolation {unknown}
 v - a scroll of amnesia {unknown}
Potions
 e - a potion of lignification {unknown}
 f - 5 potions of curing {unknown}
 j - a potion of brilliance {unknown}
 k - a potion of flight {unknown}
 o - a potion of might {unknown}
 q - a potion of haste {unknown}
 w - a potion of heal wounds {unknown}


   Skills:
 + Level 3.4 Fighting
 + Level 4.5 Throwing
 + Level 3.2 Dodging
 - Level 0.7 Stealth
 + Level 1.9 Unarmed Combat


You had 3 spell levels left.
You didn't know any spells.
Your spell library was empty.

Dungeon Overview and Level Annotations

Branches:
Dungeon (4/15)             Temple (0/1) D:4

Altars:
Gozag
Hepliaklqana
Vehumet


Innate Abilities, Weirdness & Mutations

You reflexively headbutt those who attack you in melee.
You have a pair of horns on your head.


Message History

You are confused.
The leopard gecko bites you but does no damage.
You feel sick. The orc closely misses you.
A magic dart appears from out of thin air!
The magic dart hits you.
* * * LOW HITPOINT WARNING * * *
Things that are here:
a +0 short sword; an orc corpse Your leather armour prevents you from hitting the orc.
The orc is heavily wounded.
The leopard gecko bites you.
* * * LOW HITPOINT WARNING * * *
The orc hits you but does no damage.
You closely miss the orc. Your headbutt misses the orc.
The orc is heavily wounded.
The leopard gecko misses you. The orc completely misses you.
Something completely misses you.
You closely miss the orc.
The orc is heavily wounded.
You die...

#######.## #.#
#########.# #.........##
...........#
......)....#
......[....#######
........l........##
.......o@.≈≈≈≈≈...##
........≈≈≈≈≈≈≈≈≈..###
........≈≈≈≈≈≈≈≈≈≈≈..#
.......≈≈≈≈≈≈≈≈≈≈≈≈≈.#
.......≈≈≈≈≈≈_≈≈≈≈≈≈.# #
.......≈≈≈≈≈≈≈≈≈≈≈≈≈.#
##
.......≈≈≈≈≈≈≈≈≈≈≈..###.
........≈≈≈≈≈≈≈≈≈......#
.≈≈≈≈≈.......##


You could see an orc and a leopard gecko.

Vanquished Creatures
  2 adders
  3 dart slugs
  4 leopard geckos
  3 orcs (D:4)
  3 ball pythons
  4 giant cockroaches
  A goblin (D:3)
  6 hobgoblins
  2 jackals (D:1)
  2 quokkas (D:2)
  7 bats
  4 frilled lizards
  7 kobolds
  7 rats
55 creatures vanquished.

Notes
Turn   | Place    | Note
-------+----------+-------------------------------------------
     0 | D:1      | Descartes the Minotaur Hunter began the quest for the Orb.
     0 | D:1      | Reached XP level 1. HP: 18/18 MP: 0/0
   387 | D:1      | Reached XP level 2. HP: 23/25 MP: 1/1
   902 | D:1      | Reached skill level 1 in Unarmed Combat
  1448 | D:2      | Found a faded altar of an unknown god.
  1481 | D:2      | Reached XP level 3. HP: 31/31 MP: 2/2
  1697 | D:2      | Found an opulent altar of Gozag.
  2015 | D:2      | Found a hazy altar of Hepliaklqana.
  2295 | D:3      | Reached XP level 4. HP: 25/38 MP: 3/3
  2626 | D:4      | Found a staircase to the Ecumenical Temple.
  2781 | D:4      | Found a radiant altar of Vehumet.
  2825 | D:4      | HP: 1/38 [leopard gecko (3)]
  2827 | D:4      | Succumbed to an adder's poison

Illustrated notes

Levels and vault maps discovered:
D:1:      sevenhm_arrival_forest_fort_small_4, layout_loops_corners,
          minmay_shallow_snake_nest
D:2:      layout_rooms, nzn_hepliaklqana_mist_gate,
          chequers_ecumenical_altar_simple, nicolae_gozag_seed_capital
D:3:      layout_loops_cross, tgw_trog
D:4:      layout_cave_pods, lemuel_doored_altar,
          minmay_temple_entry_glassed_door, serial_forest,
          infiniplex_forest_corner_1, infiniplex_forest_corner_1,
          infiniplex_forest_lined_4_way, infiniplex_forest_lined_room_,
          infiniplex_forest_clump_diagonal, infiniplex_forest_lined_ring,
          infiniplex_forest_straight_2, lemuel_altar_in_water

Skill      XL: |  1  2  3 |
---------------+----------+-----
Unarmed Combat | 1 |  1.9
Fighting       | 3 |  3.4
Dodging        | 3 |  3.2
Throwing       | |  4.5
Stealth        | |  0.7

Action                   |  1- 3 |  4- 6 || total
-------------------------+-------+-------++-------
Melee: Unarmed           |   146 |    35 ||   181
       Headbutt          |    18 |     2 ||    20
       Punch             |     1 |       ||     1
Armor: Leather armour    |    52 |    20 ||    72
Dodge: Dodged            |   100 |    50 ||   150
